 Dungeon Crawl Stone Soup version 0.15.2 (webtiles) character file.

962 Huymann the Skirmisher (level 8, -13/124 HPs)
             Began as an Ogre Berserker on Feb 13, 2015.
             Was an Elder of Trog.
             Mangled by a goliath beetle (19 damage)
             ... on Level 6 of the Dungeon.
             The game lasted 00:18:29 (4339 turns).

Huymann the Skirmisher (Ogre Berserker)             Turns: 4339, Time: 00:18:29

HP -13/124       AC  6     Str 28      XL: 8   Next: 15%
MP   8/8         EV 12     Int  6      God: Trog [****..]
Gold 86          SH  0     Dex 11      Spells:  0 memorised,  7 levels left

rFire  . . .     SeeInvis .     h - +2 mace (crush)
rCold  . . .     Clarity  .     b - +0 animal skin
rNeg   . . .     rCorr    .     (shield restricted)
rPois  .         rRot     .     (helmet restricted)
rElec  .         Spirit   .     o - +2 cloak
SustAb .         Warding  .     (gloves unavailable)
rMut   .         Stasis   .     (boots unavailable)
Gourm  .                        (no amulet)
MR     .....                    n - ring of stealth
                                f - ring of stealth

@: berserking, very quick, not resistant to hostile enchantments, extremely
unstealthy
A: unfitting armour, tough skin 1
a: Burn Spellbooks, Berserk, Trog's Hand, Brothers in Arms, Renounce Religion


You were on level 6 of the Dungeon.
You worshipped Trog.
Trog was greatly pleased with you.
You were not hungry.

You visited 1 branch of the dungeon, and saw 6 of its levels.

You collected 86 gold pieces.

Inventory:

Hand weapons
 a - a +0 mace
 h - a +2 mace of crushing (weapon)
Missiles
 q - 5 poisoned javelins (quivered)
Armour
 b - a +0 animal skin (worn)
 o - a +2 cloak (worn)
Comestibles
 c - 2 meat rations
 g - 2 rotting chunks of orc flesh
 s - 2 bread rations
Scrolls
 t - a scroll of teleportation
Jewellery
 f - a ring of stealth (left hand)
 n - a ring of stealth (right hand)
Potions
 d - 2 potions of agility
 e - 2 potions of curing
 i - a potion of heal wounds
 k - a potion of resistance {unknown}
 l - a potion of restore abilities {unknown}
 m - a potion of haste {unknown}
 p - a potion of flight {unknown}


   Skills:
 + Level 6.0 Fighting
 + Level 6.0 Maces & Flails
 + Level 5.9 Dodging
 * Level 4.5 Stealth


You had 7 spell levels left.
You didn't know any spells.

Dungeon Overview and Level Annotations

Branches:
Dungeon (6/15)             Temple (0/1) D:5

Altars:
Ashenzari
Elyvilon


Innate Abilities, Weirdness & Mutations

You are too large for most types of armour.
You have tough skin (AC +1).


Message History

You hit the goliath beetle.
The goliath beetle is almost dead.
The goliath beetle barely misses you.
You hit the goliath beetle but do no damage.
The goliath beetle is almost dead.
You hit the goliath beetle but do no damage.
The goliath beetle is almost dead.
The goliath beetle closely misses you.
You completely miss the goliath beetle.
The goliath beetle is almost dead.
You hit the goliath beetle but do no damage.
The goliath beetle is almost dead.
The goliath beetle bites you!!
* * * LOW HITPOINT WARNING * * *
You smell something rotten. (slot g) Use which ability? (? or * to list)
A red film seems to cover your vision as you go berserk!
You feel yourself moving faster!
You feel mighty!
You feel somewhat more hungry. The goliath beetle bites you!!
You die...

#################
####...............# #
.........#########.#
#...####.###.#########.#
#..#.# #.#.# #.#.# #.#.#
#.... ##....


You could see a goliath beetle.

Vanquished Creatures
  A centaur (D:5)
  2 scorpions (D:5)
  2 jellies (D:5)
  A killer bee (D:4)
  2 hounds (D:4)
  A crimson imp (D:5)
  A centaur zombie (D:6)
  4 orc priests
  4 orc wizards
  3 worker ants
  Ijyb (D:5)
  A hound skeleton (D:4)
  7 adders
  A green rat (D:4)
  A giant mite (D:5)
  3 worms
  3 orc skeletons
  An adder skeleton (D:4)
  15 orcs
  6 ball pythons
  9 bats
  11 hobgoblins
  A quokka (D:4)
  4 giant cockroaches (D:2)
  7 giant geckos
  4 giant newts
  8 goblins
  A goblin skeleton (D:4)
  A hobgoblin skeleton (D:5)
  A jackal skeleton (D:4)
  4 kobolds
  13 rats
  A rat zombie (D:5)
125 creatures vanquished.

Notes
Turn   | Place    | Note
--------------------------------------------------------------
     0 | D:1      | Huymann, the Ogre Berserker, began the quest for the Orb.
     0 | D:1      | Reached XP level 1. HP: 24/24 MP: 1/1
   325 | D:1      | Found a shattered altar of Ashenzari.
   436 | D:1      | Reached XP level 2. HP: 21/32 MP: 2/2
   897 | D:1      | Reached skill level 1 in Stealth
  1141 | D:2      | Reached XP level 3. HP: 34/39 MP: 3/3
  1202 | D:2      | Acquired Trog's second power
  1478 | D:2      | Reached XP level 4. HP: 49/49 MP: 4/4
  1811 | D:3      | Reached XP level 5. HP: 32/55 MP: 5/5
  2225 | D:4      | Reached XP level 6. HP: 48/65 MP: 6/6
  2273 | D:4      | Reached skill level 5 in Fighting
  2454 | D:4      | Reached skill level 5 in Maces & Flails
  2553 | D:4      | Found a glowing drain.
  2725 | D:4      | Reached XP level 7. HP: 58/72 MP: 7/7
  2939 | D:4      | Acquired Trog's third power
  3105 | D:5      | Entered Level 5 of the Dungeon
  3293 | D:5      | Reached skill level 5 in Dodging
  3413 | D:5      | Found a staircase to the Ecumenical Temple.
  3814 | D:5      | Noticed Ijyb
  3836 | D:5      | Killed Ijyb
  3836 | D:5      | Reached XP level 8. HP: 49/83 MP: 8/8
  4102 | D:6      | Reached skill level 6 in Maces & Flails
  4276 | D:6      | Found a white marble altar of Elyvilon.
  4338 | D:6      | HP: 4/83 [goliath beetle (26)]
  4339 | D:6      | Mangled by a goliath beetle

Action                   |  1- 3 |  4- 6 |  7- 9 || total
-------------------------+-------+-------+-------++-------
Melee: Mace              |   109 |   150 |   182 ||   441
Invok: Berserk           |     1 |     2 |     2 ||     5
  Use: Scroll            |     5 |     5 |     3 ||    13
 Stab: Sleeping          |     4 |     8 |     5 ||    17
  Eat: Chunk             |     3 |     5 |     8 ||    16
